 Dungeon Crawl Stone Soup version 0.21-a0-536-gdbbf329 (webtiles) character file.

359 kae the Insei (level 6, -9/51 HPs)
             Began as a Draconian Transmuter on Dec 14, 2017.
             Mangled by an ogre
             ... wielding a +0 giant spiked club
              (20 damage)
             ... on level 4 of the Dungeon.
             The game lasted 00:03:54 (3359 turns).

kae the Insei (Draconian Transmuter)                Turns: 3359, Time: 00:03:54

Health: -9/51      AC:  7    Str: 13    XL:     6   Next: 37%
Magic:  9/10       EV: 12    Int: 13    God:
Gold:   132        SH:  0    Dex: 13    Spells: 5/11 levels left

rFire    + . .     SeeInvis .   e - +2 short sword (protect)
rCold    + . .     Gourm    +   (no shield)
rNeg     + + .     Faith    .   (armour unavailable)
rPois    +         Spirit   .   (helmet restricted)
rElec    +         Reflect  .   p - +0 cloak
rCorr    +         Harm     .   (no gloves)
MR       .....                  (no boots)
Stlth    +.........             k - amulet of the gourmand
HPRegen  0.17/turn              f - ring of positive energy
MPRegen  0.12/turn              j - ring of positive energy

@: resistant
A: unfitting armour, cold-blooded, AC +6
a: no special abilities


You were on level 4 of the Dungeon.
You were hungry.

You visited 1 branch of the dungeon, and saw 4 of its levels.

You collected 132 gold pieces.

Inventory:

Hand Weapons
 d - a +0 club
 e - a +2 short sword of protection (weapon)
Missiles
 a - 64 arrows
Armour
 p - a +0 cloak (worn)
Jewellery
 f - a ring of positive energy (left hand)
 j - a ring of positive energy (right hand)
 k - an amulet of the gourmand (around neck)
 n - an uncursed amulet of rage
Wands
 r - a wand of random effects (28)
Scrolls
 o - 3 scrolls of remove curse
Potions
 i - a potion of mutation
Books
 b - a book of Changes

   Spells                             Type                      Level
   a - Beastly Appendage              Transmutation                1
   b - Sticks to Snakes               Transmutation                2
   c - Spider Form                    Transmutation/Poison         3
   d - Ice Form                       Ice/Transmutation            4
   e - Blade Hands                    Transmutation                5
Comestibles
 c - 5 bread rations
 l - a meat ration
 m - 2 fruits
 u - a royal jelly


   Skills:
 + Level 3.3 Fighting
 - Level 1.7 Dodging
 * Level 5.1 Unarmed Combat
 + Level 3.2 Spellcasting
 + Level 3.4 Transmutations


You had 5 spell levels left.
You knew the following spells:

 Your Spells              Type           Power        Failure   Level  Hunger
a - Beastly Appendage     Tmut           ##....       5%          1    #......
b - Sticks to Snakes      Tmut           ##......     9%          2    ##.....
c - Spider Form           Tmut/Pois      #.........   32%         3    ###....


Dungeon Overview and Level Annotations

Branches:
Dungeon (4/15)
 Temple: D:4-7

Altars:
Makhleb


Innate Abilities, Weirdness & Mutations

Your plain brown scales are hard. (AC +6)
You cannot fit into any form of body armour.
You are cold-blooded and may be slowed by cold attacks.


Message History

You are too injured to fight recklessly!
You are too injured to fight recklessly!
You are too injured to fight recklessly!
You are too injured to fight recklessly!
You are too injured to fight recklessly!
You are too injured to fight recklessly!
You hit the ogre.
The ogre is lightly wounded.
The ogre hits you with a giant spiked club.
* * * LOW HITPOINT WARNING * * *
You puncture the ogre!
The ogre is heavily wounded.
Unknown command.
You see here a stone.
A worker ant comes into view.
You see here 2 stones.
You see here a stone.
The ogre looks more healthy.
The ogre hits you with a giant spiked club!!
You die...

# .. #.# ## .# #. #%#
.#.#####.#.###
.............########
.#.####...>..........
#..# ###.##.########
#.## #. #..### #.# #.
##...### .. #.
###.@.## .. ##
###Oh## . ..#
##h.#####... ...
.#####(#.......
#.......(.# ######
.....##..## #...h.
.### ##(# #.h... #h#
#..... #)# #.....


You could see an ogre and 2 jackals.

Vanquished Creatures
  An ogre (D:4)
  A centaur (D:2)
  A centaur skeleton (D:4)
  8 adders
  An ooze (D:2)
  2 worms (D:3)
  A dart slug (D:3)
  5 leopard geckos
  5 orcs
  A ball python (D:3)
  2 giant cockroaches
  11 goblins
  7 hobgoblins
  4 jackals
  9 bats
  4 frilled lizards
  A giant cockroach zombie (D:3)
  9 kobolds
  A leopard gecko skeleton (D:3)
  10 rats
84 creatures vanquished.

Notes
Turn   | Place    | Note
-------+----------+-------------------------------------------
     0 | D:1      | kae the Draconian Transmuter began the quest for the Orb.
     0 | D:1      | Reached XP level 1. HP: 16/16 MP: 3/3
   414 | D:1      | Reached XP level 2. HP: 22/23 MP: 5/5
  1344 | D:2      | Reached XP level 3. HP: 29/29 MP: 6/6
  1354 | D:2      | Noticed a centaur
  1537 | D:1      | Learned a level 2 spell: Sticks to Snakes
  1541 | D:1      | Learned a level 3 spell: Spider Form
  1602 | D:2      | Killed a centaur
  1602 | D:2      | Reached skill level 4 in Unarmed Combat
  1602 | D:2      | Reached XP level 4. HP: 13/36 MP: 3/7
  1821 | D:2      | Found a burning altar of Makhleb.
  2011 | D:2      | Reached XP level 5. HP: 42/42 MP: 9/9
  3216 | D:4      | Noticed an ogre
  3268 | D:4      | Noticed an ogre
  3279 | D:4      | Killed an ogre
  3279 | D:4      | Reached skill level 5 in Unarmed Combat
  3279 | D:4      | Reached XP level 6. HP: 48/51 MP: 6/10
  3359 | D:4      | Mangled by an ogre

Vault maps used:
D:1:      minmay_arrival_jagged
D:2:      nicolae_overflow_crystal_walls
D:3:      kennysheep_another_room
D:4:      first_bread

Skill      XL: |  1  2  3  4  5 |
---------------+----------------+-----
Fighting       | 2 3 |  3.3
Unarmed Combat | 4 5 |  5.1
Transmutations | 3 |  3.4
Spellcasting   | 3 |  3.2
Dodging        | |  1.7

Action                   |  1- 3 |  4- 6 || total
-------------------------+-------+-------++-------
Melee: Short sword       |    75 |   207 ||   282
       Club              |    10 |       ||    10
       Unarmed           |    10 |    15 ||    25
       Headbutt          |     3 |     6 ||     9
       Kick              |     3 |     5 ||     8
       Tailslap          |     7 |    27 ||    34
 Cast: Beastly Appendage |     4 |    10 ||    14
       Spider Form       |     1 |     2 ||     3
  Use: Scroll            |     6 |     2 ||     8
       Potion            |       |     2 ||     2
 Stab: Sleeping          |       |     2 ||     2
  Eat: Chunk             |     2 |     6 ||     8
Armor: Skin              |    33 |    83 ||   116
Dodge: Dodged            |    71 |   175 ||   246

Table legend:
 A = Spawn XP
 B = Non-spawn XP
 C = Spawn XP percentage of total XP
 D = Spawn monster count
 E = Non-spawn monster count
 F = Spawn count percentage of total count
 G = Total turns spent on level
                    A         B        C        D         E        F      G
               +---------+---------+-------+---------+---------+-------+---------
         Total |       0 |     513 |   0.0 |       0 |      84 |   0.0 |  3359
               +---------+---------+-------+---------+---------+-------+---------
           D:1 |       0 |      43 |   0.0 |       0 |      24 |   0.0 |  1573
           D:2 |       0 |     164 |   0.0 |       0 |      26 |   0.0 |   781
           D:3 |       0 |     119 |   0.0 |       0 |      28 |   0.0 |   883
           D:4 |       0 |     187 |   0.0 |       0 |       6 |   0.0 |   122
               +---------+---------+-------+---------+---------+-------+---------
